[Event "Late-Titled-Tuesday-Blitz-December-26-2023"]
[Site "Chess.com"]
[Date "2023.12.26"]
[Round "5"]
[White "gahryman"]
[Black "koncheto"]
[Result "0-1"]
[WhiteElo "2651"]
[BlackElo "2540"]
[TimeControl "180+1"]
[EndTime "14:55:42 PST"]
[Termination "koncheto won on time"]

1. e4 c5 2. Nc3 Nc6 3. Bb5 Nd4 4. Nf3 e6 5. O-O a6 6. Bd3 g6 7.
Nxd4 cxd4 8. Ne2 Bg7 9. b3 Ne7 10. Bb2 d5 11. e5 Bxe5 12. Nxd4 Qc7 13. Re1 O-O 14. Rxe5 Qxe5 15. Rb1 Qc7 16. f4 Qxf4 17. Qe2 e5 18. Rf1 Bg4 19. Qe1 Qg5 20. h4 Qh5 21.
Rf6 Rae8 22. Ne2 Nc6 23. Nc3 e4 24. Bf1 Re6 25. Qf2 Qe5 26. Nd1 d4 27. Rf4 Bxd1 28.
c3 e3 29. dxe3 dxe3 30. Qe1 Qxf4 31. Bc1 Qf2+ 32. Qxf2 exf2+ 33. Kxf2 Rfe8 34. Bc4 Re1 35. Bg5 Bg4 36. Kg3 Bf5 37. h5 Ra1 38. b4 Be6 39. Bd3 Rxa2 40. h6 Ra3 41. Bf6 Bf5 42. Bc4 Re3+ 43. Kf4 Raxc3 44. Bd5 Red3 45. Bf3 Rxf3+ 46. gxf3 Rc4+ 47. Kg5 Rxb4 48. f4 Nd4 49. Be5 Nf3+ 50. Kf6 Nxe5 51. fxe5 Rb6+ 52. e6 Rxe6+ 53. Kg5 a5 0-1

[Event "Late-Titled-Tuesday-Blitz-December-26-2023"]
[Site "Chess.com"]
[Date "2023.12.26"]
[Round "5"]
[White "enriquetejedor"]
[Black "vugarrasulov"]
[Result "0-1"]
[WhiteElo "2750"]
[BlackElo "2925"]
[TimeControl "180+1"]
[EndTime "14:55:43 PST"]
[Termination "vugarrasulov won by resignation"]

1. c4 g6 2. Nc3 Bg7 3. g3 h5 4.
h4 Nf6 5. Bg2 O-O 6. Nf3 d6 7. O-O e5 8. d3 Nc6 9. Rb1 a5 10. a3 Bg4 11. Ng5 Qd7 12. Qd2 Nd4 13.
b3 c6 14. e3 Nf5 15. f3 Nxg3 16. fxg4 Nxf1 17. Bxf1 Qxg4+ 18. Qg2 Qxh4 19. Nf3 Qg4 20.
Qxg4 Nxg4 21. Ne4 d5 22. Nf2 Rae8 23. Bh3 f5 24. Nh4 Kh7 25. Bd2 Bh6 26. Ng2 d4 27. Re1 Nxf2 28. Kxf2 g5 29. exd4 g4 30. Bxh6 Kxh6 31.
dxe5 f4 32. Nh4 gxh3 33. d4 f3 34. Rh1 c5 35. dxc5 Rxe5 36. Nxf3 Rxc5 37. Rxh3 a4 38. bxa4 Rxc4 39. a5 Rc2+ 40. Ke3 Rc3+ 41. Ke4 Rxa3 42.
Rg3 Ra4+ 43. Ke3 Rxa5 44. Ne1 Ra3+ 45. Nd3 Rd8 46. Ke4 Raxd3 47. Rg1 R3d4+ 48. Kf5 Rf8+ 49. Ke5 Rg4 50. Rb1 Kg5 51. Rxb7 Rf5+ 52. Ke6 Re4+ 53. Kd6 h4 54. Rg7+ Kh6 55. Rg1 h3 56. Rg8 Kh7 57.
Rg3 Rh4 58. Rg1 h2 59. Rh1 Rh6+ 60. Ke7 Ra5 61. Kd8 Ra7 62. Kc8 Rg7 63. Kd8 Rg1 64. Rxh2 Rxh2 0-1

[Event "Late-Titled-Tuesday-Blitz-December-26-2023"]
[Site "Chess.com"]
[Date "2023.12.26"]
[Round "5"]
[White "C_K_G"]
[Black "HappyPawny"]
[Result "1/2-1/2"]
[WhiteElo "2076"]
[BlackElo "2254"]
[TimeControl "180+1"]
[EndTime "14:55:45 PST"]
[Termination "Game drawn by repetition"]

1. e4 c5 2. Nf3 Nc6 3. d4 cxd4 4. Nxd4 Nf6 5. Nc3 e5 6. Nxc6 bxc6 7. Bc4 Bc5 8. O-O O-O 9. Bg5 h6 10. Bh4 a5 11. a3 Rb8 12. b3 Bd4 13. Qd3 a4 14. Rae1 axb3 15. cxb3 d6 16. Ne2 Bc5 17. b4 Ba7 18.
Rd1 Bg4 19. Bxf6 Qxf6 20. Qxd6 Qg5 21. Kh1 Bxf2 22. Rxf2 Rbd8 23. Rxf7 Rxd6 24. Rxf8+ Kxf8 25. Rxd6 Bxe2 26. Bxe2 Qc1+ 27. Rd1 Qxa3 28. b5 cxb5 29. Bxb5 Qb3 30. Be2 Ke7 31. Bf3 g5 32. h3 Qa3 33.
Kh2 Kf6 34. Kg1 Kg6 35. Kh1 h5 36. Rb1 Qc5 37. Rd1 Qa3 38. Rb1 Qc5 39. Rd1 Qb6 40. Rf1 Kh6 41. Rd1 Qe6 42. Rf1 g4 43. hxg4 hxg4 44.
Be2 Kg5 45. Rf5+ Kh4 46. Kh2 g3+ 47. Kg1 Qe8 48. Rh5+ Qxh5 49. Bxh5 Kxh5 50. Kf1 Kg4 51. Ke2 Kf4 52. Kd3 Kg4 53. Ke3 Kh4 54. Ke2 Kg5 55.
Ke3 Kg4 56. Ke2 Kf4 57. Kd3 Kg5 58. Ke3 Kg4 59. Ke2 1/2-1/2

[Event "Late-Titled-Tuesday-Blitz-December-26-2023"]
[Site "Chess.com"]
[Date "2023.12.26"]
[Round "5"]
[White "lucliasco"]
[Black "ccccvhhhj"]
[Result "0-1"]
[WhiteElo "2884"]
[BlackElo "2499"]
[TimeControl "180+1"]
[EndTime "14:55:47 PST"]
[Termination "ccccvhhhj won by checkmate"]

1. e4 e6 2. Nf3 d5 3. Nc3 Nf6 4.
e5 Nfd7 5. d4 c5 6. dxc5 Bxc5 7.
Bd3 Nc6 8. Bf4 Be7 9. O-O g5 10. Be3 Ndxe5 11. Nxe5 Nxe5 12. Bd4 Bf6 13. Bb5+ Kf8 14.
f4 Ng6 15. f5 exf5 16. Nxd5 Bxd4+ 17. Qxd4 Be6 18. c4 a6 19. Ba4 b5 20. Bb3 bxc4 21.
Bxc4 Rc8 22. Bb3 Qd6 23. Rad1 Qc5 24. Qxc5+ Rxc5 25. Nb4 a5 26. Nd3 Rc8 27. Rfe1 Bxb3 28. axb3 Kg7 29. Ra1 Ra8 30. Nc5 Nf4 31. Nb7 Rhb8 32.
Nxa5 Rb5 33. Nc4 Rxa1 34. Rxa1 Rxb3 35. Ra5 Rb4 36. Rc5 Ne6 37. Rc8 f4 38. h3 h5 39.
Rc6 Ra4 40. Rc8 Ra1+ 41. Kh2 Kf6 42. Nd2 g4 43. hxg4 hxg4 44. g3 Rd1 45. Ne4+ Kf5 46.
Nf2 Rd2 47. Kg1 fxg3 48. Nh1 Kf4 49. Rc4+ Kf3 50. Rc3+ Kf4 51. Nxg3 Rxb2 52. Nf1 Ng5 53. Rc4+ Kf5 54. Rc5+ Kg6 55. Rc4 Nf3+ 56. Kh1 f5 57. Rc8 Rf2 58. Ng3 Rh2# 0-1

[Event "Late-Titled-Tuesday-Blitz-December-26-2023"]
[Site "Chess.com"]
[Date "2023.12.26"]
[Round "5"]
[White "Byniolus"]
[Black "WPWPWP-2015"]
[Result "1-0"]
[WhiteElo "2814"]
[BlackElo "2582"]
[TimeControl "180+1"]
[EndTime "14:55:48 PST"]
[Termination "Byniolus won by checkmate"]

1. d4 d5 2. Bf4 Nf6 3. e3 c6 4.
c4 Bg4 5. Qb3 Qb6 6. Nc3 e6 7.
c5 Qxb3 8. axb3 a6 9. h3 Bf5 10. b4 Be7 11. b5 O-O 12. Nf3 cxb5 13. Bxb5 Nc6 14. Bxc6 bxc6 15. Ne5 Rfc8 16. Kd2 Ne4+ 17. Nxe4 Bxe4 18. f3 Bg6 19. Nd7 Ra7 20. Nb6 Re8 21. Ra5 f6 22. Rha1 e5 23. Bg3 exd4 24. exd4 f5 25. Be5 h6 26. f4 Bd8 27. Rxa6 Rb7 28.
Ra7 Rxa7 29. Rxa7 Bf7 30. b4 g5 31. g3 gxf4 32. gxf4 Bh4 33. b5 cxb5 34. c6 Bd8 35. c7 Bxc7 36. Rxc7 Re6 37. Nxd5 Ra6 38.
Ne7+ Kf8 39. Nxf5 Ra2+ 40. Kc3 Be6 41. Bd6+ Ke8 42. Re7+ Kd8 43. Rxe6 Kd7 44. Rxh6 Ra1 45. d5 Rd1 46. Rh7+ Ke8 47. Ne7 Kd7 48. Bc5 Rc1+ 49. Kb4 Rb1+ 50. Ka5 b4 51. Bxb4 Ra1+ 52. Kb5 Ke8 53. Nf5 Rd1 54. Re7+ Kd8 55. Ba5+ Kc8 56. Nd6+ Kb8 57. Re8+ Ka7 58. Bb6# 1-0

[Event "Late-Titled-Tuesday-Blitz-December-26-2023"]
[Site "Chess.com"]
[Date "2023.12.26"]
[Round "5"]
[White "UK_23"]
[Black "gxbg2000"]
[Result "1-0"]
[WhiteElo "2353"]
[BlackElo "1997"]
[TimeControl "180+1"]
[EndTime "14:55:51 PST"]
[Termination "UK_23 won on time"]

1. e4 g6 2. d4 Bg7 3. c3 c5 4.
dxc5 Qc7 5. Be3 Nf6 6. Nd2 O-O 7. Bd3 Nc6 8. Nb3 Rd8 9. Qe2 b6 10. cxb6 axb6 11. Nh3 Ne5 12. Nf4 Nxd3+ 13. Qxd3 d6 14. Nd5 Nxd5 15. exd5 Ba6 16. Qd2 e6 17. h4 h5 18. dxe6 fxe6 19. Rh3 Kh7 20. Rg3 Be5 21. Rg5 Qb7 22. Qc2 Rg8 23. Rxh5+ Kg7 24. Rg5 Kf7 25. Nd4 Rac8 26. O-O-O Bf6 27. Rg4 e5 28. Nf3 Bc4 29. Rxd6 Be6 30. Ng5+ Bxg5 31. Rxg5 Qa7 32. a3 Qa6 33.
Rxe5 Qf1+ 34. Qd1 Qxd1+ 35. Kxd1 Bf5 36. Bg5 Rge8 37. f4 Rxe5 38. fxe5 Rc4 39. Bf6 Re4 40. Rxb6 Bg4+ 41. Kd2 Re2+ 42. Kd3 Rxg2 43. a4 Bf5+ 44.
Kd4 Rg4+ 45. Kc5 Rxa4 46. Rb7+ Kf8 47. b4 Ra3 48. c4 Rc3 49. Kd5 Bg4 50. c5 Bf3+ 51. Kd4 Rb3 52. Rb8+ Kf7 53. Kc4 Rb1 54. Rd8 Rc1+ 55. Kb3 Rb1+ 56. Kc3 Rc1+ 57. Kb2 Rc4 58. Rd7+ Ke6 59. Re7+ Kd5 60. Rb7 Ke6 61. Rb6+ 1-0

[Event "Late-Titled-Tuesday-Blitz-December-26-2023"]
[Site "Chess.com"]
[Date "2023.12.26"]
[Round "5"]
[White "chessajedrezz2020"]
[Black "wild3000"]
[Result "1-0"]
[WhiteElo "2781"]
[BlackElo "2470"]
[TimeControl "180+1"]
[EndTime "14:55:52 PST"]
[Termination "chessajedrezz2020 won by checkmate"]

1. Nf3 d5 2. d4 Nf6 3. c4 c6 4. Nc3 g6 5. Bf4 Bg7 6. e3 O-O 7. Qb3 dxc4 8. Bxc4 Nbd7 9. Ne5 Nxe5 10. Bxe5 Nd7 11.
Bxg7 Kxg7 12. O-O Nb6 13. Be2 Be6 14. Qc2 Bc4 15. Bxc4 Nxc4 16. Ne4 Nd6 17. Nc5 b6 18. Nd3 Rc8 19. Rfc1 h5 20. b4 h4 21. h3 Nf5 22. Qa4 Nd6 23. Rxc6 b5 24. Qa6 Rxc6 25. Qxc6 Qb8 26. Nc5 Rc8 27. Qd5 Nc4 28. Qe4 e5 29.
Qxh4 Rh8 30. Qe7 Re8 31. Qh4 Qd6 32. Qg3 Qf6 33. Rd1 Qe7 34. d5 a5 35. Ne4 axb4 36. d6 Qe6 37. Nc5 Qf5 38. d7 Rd8 39. Qg4 Qxg4 40. hxg4 Nb6 41. Rd6 Nc4 42. Nb7 Nxd6 43. Nxd8 Kf8 44. Ne6+ Ke7 45. d8=Q+ Kxe6 46. Qb6 Kd5 47.
Qc7 b3 48. axb3 Ne4 49. Qxf7+ Kc5 50. Qxg6 Nc3 51. Qc2 Kb4 52. g5 e4 53. g6 Nd5 54.
g7 Ne7 55. Qxe4+ Kc5 56. Qxe7+ Kb6 57. g8=Q Ka5 58. Qa8+ Kb6 59. Qea7# 1-0

[Event "Late-Titled-Tuesday-Blitz-December-26-2023"]
[Site "Chess.com"]
[Date "2023.12.26"]
[Round "5"]
[White "youngdinousaur"]
[Black "topce"]
[Result "1-0"]
[WhiteElo "2306"]
[BlackElo "2394"]
[TimeControl "180+1"]
[EndTime "14:55:52 PST"]
[Termination "youngdinousaur won by resignation"]

1. d4 Nf6 2. Nf3 c5 3. d5 g6 4. Nc3 Bg7 5. e4 O-O 6. Be2 e6 7. O-O exd5 8. exd5 d6 9. Nd2 a6 10. a4 Nbd7 11. Nc4 Ne5 12. Nxe5 dxe5 13. a5 Bf5 14. Be3 Rc8 15. Qd2 Ne8 16. Rfd1 Nd6 17. b3 Bd7 18. Ra2 f5 19. Bh6 Bxh6 20. Qxh6 Qf6 21.
Bc4 e4 22. Na4 Bxa4 23. Rxa4 Rce8 24. Qd2 f4 25. Raa1 e3 26. fxe3 fxe3 27. Qe2 Qe5 28.
Rf1 Rf2 29. Qg4 Nf5 30. Rae1 Kg7 31. Bd3 Nd4 32. Qd7+ Re7 33. Qg4 Ref7 34. h4 R7f4 35. Qg5 Nf5 36. Qd8 Qxd5 37. Qxd5 Ng3 38. Kh2 Nxf1+ 39. Rxf1 Rxf1 40. Bxf1 Rxf1 41. Qe5+ Rf6 42. Qxe3 h5 43. Qxc5 Rf7 44. Qd6 Rf5 45. Qe7+ Rf7 46. Qe5+ Kg8 47. g3 Rf5 48. Qe6+ Rf7 49. Qc8+ Kg7 50. Qb8 Kh7 51. Qe5 Kg8 52. Qd5 Kg7 53. c4 Kg8 54. b4 Kg7 55. b5 Rf2+ 56. Kh3 Rf7 57. Qe5+ Kg8 58. bxa6 bxa6 59. c5 Rf5 60. Qe6+ Kg7 61. Qxa6 Rxc5 62. Qb6 Kh6 63. Qxc5 g5 64. Qxg5+ 1-0

[Event "Late-Titled-Tuesday-Blitz-December-26-2023"]
[Site "Chess.com"]
[Date "2023.12.26"]
[Round "5"]
[White "sheldons73tshirt"]
[Black "ChristopherYoo"]
[Result "1-0"]
[WhiteElo "2684"]
[BlackElo "2961"]
[TimeControl "180+1"]
[EndTime "14:55:55 PST"]
[Termination "sheldons73tshirt won by checkmate"]

1. e4 e6 2. d4 d5 3. e5 c5 4. c3 Nc6 5. Nf3 Bd7 6. Na3 cxd4 7. cxd4 Nge7 8. Nc2 Nf5 9. Bd3 Be7 10. O-O O-O 11. g4 Nh4 12. Nxh4 Bxh4 13. g5 Bxg5 14. Qh5 h6 15. f4 Bh4 16. Be3 f5 17. Kh1 Be8 18. Qf3 Kh7 19. Rg1 Qe7 20. a3 Qf7 21. Rg4 Be7 22. Rag1 Rg8 23. Qg2 Bd8 24. b4 Ne7 25.
Rg3 Ng6 26. Ne1 Nh4 27. Qh3 Rc8 28. Bf2 Qh5 29. Rg4 Kh8 30. R4g3 Rc3 31. Bf1 Rxg3 32. hxg3 Nf3 33. Nxf3 Qxf3+ 34. Rg2 Bh5 35. Kg1 Bg4 36. Qh1 Kh7 37. Rh2 Qxh1+ 38. Kxh1 Bb6 39. Kg1 Rc8 40. Be3 Rc3 41. Kf2 Rxa3 42. Rh1 Ra2+ 43. Kg1 Rb2 44. Rh2 Rxb4 45. Rc2 Bxd4 46. Bxd4 Rxd4 47.
Rc7 Rb4 48. Re7 Rb6 49. Kf2 a5 50. Re8 a4 51. Ra8 Rb2+ 52. Ke3 b5 53. Ra6 Rb3+ 54. Kd4 a3 55. Rxe6 Rb4+ 56. Kxd5 Ra4 57. Bxb5 Ra5 58. Kc4 a2 59. Be8 Ra7 60. Bg6+ Kh8 61. Re8# 1-0

[Event "Late-Titled-Tuesday-Blitz-December-26-2023"]
[Site "Chess.com"]
[Date "2023.12.26"]
[Round "5"]
[White "KorolDimitriy75"]
[Black "Pertinhez76"]
[Result "0-1"]
[WhiteElo "2340"]
[BlackElo "2079"]
[TimeControl "180+1"]
[EndTime "14:55:55 PST"]
[Termination "Pertinhez76 won on time"]

1. d4 Nf6 2. c4 e6 3. Nc3 Bb4 4. Qc2 d5 5. cxd5 exd5 6. Bg5 O-O 7. e3 h6 8. Bh4 g5 9. Bg3 c5 10. Nf3 Nc6 11. Be2 cxd4 12. Nxd4 Nxd4 13. exd4 Re8 14.
O-O Bd6 15. f4 g4 16. Bh4 Be7 17. Rad1 a6 18. Bd3 h5 19. Qf2 b5 20. a3 Bb7 21. Rfe1 Ne4 22. Bxe7 Qxe7 23. Bxe4 dxe4 24. d5 f5 25. Re3 Rad8 26. h3 Qg7 27. hxg4 hxg4 28.
Qh4 Rd6 29. Kf2 Rh6 30. Qg3 Rd8 31. Re2 Qc7 32. Qe3 Rhd6 33. Red2 Qc4 34. Rd4 Qc7 35. R4d2 Qf7 36. Qd4 Qh5 37. Qe5 Qh4+ 38. Kg1 g3 39. Qxf5 Qh2+ 40. Kf1 Qh1+ 41. Ke2 Qxg2+ 42. Ke3 Qf3+ 43.
Kd4 e3 44. Qg5+ Kf7 45. Qf5+ Rf6 46. Qh7+ Kf8 47. Qh8+ Kf7 48. Qh7+ Ke8 49. Qh8+ Ke7 50. Qg7+ Rf7 51. Qe5+ Kd7 52. Qe6+ Kc7 53. Qxf7+ Rd7 54.
Qe6 exd2 55. Rxd2 g2 56. Qe5+ Kb6 0-1

[Event "Late-Titled-Tuesday-Blitz-December-26-2023"]
[Site "Chess.com"]
[Date "2023.12.26"]
[Round "5"]
[White "Bala-Afiada"]
[Black "MFBerna"]
[Result "0-1"]
[WhiteElo "2024"]
[BlackElo "2381"]
[TimeControl "180+1"]
[EndTime "14:56:01 PST"]
[Termination "MFBerna won by resignation"]

1. d4 Nf6 2. c4 g6 3. Nc3 d5 4. cxd5 Nxd5 5. e4 Nxc3 6. bxc3 Bg7 7. Be3 O-O 8. Bc4 c5 9. Ne2 Nc6 10. O-O b6 11. Rc1 Qc7 12. Bf4 e5 13. Bg3 Bb7 14. d5 Na5 15. Bd3 f5 16. f3 c4 17. Bc2 Bc8 18. Kh1 Nb7 19. Ba4 Bd7 20. Bxd7 Qxd7 21.
Bf2 Nd6 22. Ng3 Bh6 23. Rc2 Bf4 24. Re2 Rac8 25. Rfe1 fxe4 26. fxe4 h5 27. Nf1 Bh6 28. Be3 Bg7 29. Bg5 Rf7 30. Ng3 Qg4 31. Qd2 h4 32. Nf1 h3 33. Ng3 Rcf8 34. Kg1 b5 35. Be3 Rc8 36. Rf2 Rxf2 37. Qxf2 Nxe4 38. Nxe4 Qxe4 39.
Bxa7 Qxd5 40. gxh3 Rf8 41. Qg2 Qd3 42. Bf2 Kh7 43. Qg4 Qc2 44. Rf1 Qxc3 45. Qh4+ Kg8 46. Qg4 Qd3 47. Qe6+ Kh7 48. Qg4 Qf5 49. Qh4+ Kg8 50.
Qg3 e4 51. Qg2 Kh7 52. Be3 Qxf1+ 53. Qxf1 Rxf1+ 54. Kxf1 b4 55. Kf2 b3 56. Ke2 bxa2 57.
Bd4 a1=Q 58. Bxa1 Bxa1 59. Ke3 c3 60. Kxe4 c2 0-1

[Event "Late-Titled-Tuesday-Blitz-December-26-2023"]
[Site "Chess.com"]
[Date "2023.12.26"]
[Round "5"]
[White "Kiborg95"]
[Black "BogdanDeac"]
[Result "1/2-1/2"]
[WhiteElo "2835"]
[BlackElo "3015"]
[TimeControl "180+1"]
[EndTime "14:56:07 PST"]
[Termination "Game drawn by repetition"]

1. e4 e5 2. Nf3 Nf6 3. d3 Nc6 4. c3 d5 5. Nbd2 a5 6. Be2 g6 7. b3 dxe4 8. dxe4 Bc5 9. O-O O-O 10. Qc2 Nh5 11. Nc4 Qe7 12. Ne3 Bxe3 13. fxe3 Be6 14. a3 f6 15. Bd2 Ng7 16. b4 b6 17. Bb5 Na7 18. Be2 Nc6 19. Qb2 Ne8 20. c4 Nd6 21. Qc2 axb4 22. axb4 Rfb8 23. Bd3 Nd8 24. Rfc1 Qf7 25.
Rxa8 Rxa8 26. c5 bxc5 27. Qxc5 Ne8 28. Bb5 c6 29. Bxc6 Nxc6 30. Qxc6 Rb8 31. Ra1 Qd7 32. Qxd7 Bxd7 33. Ra6 Bb5 34. Ra7 Nd6 35. Be1 Nxe4 36. Nd2 Nc3 37. Nb3 Ne4 38. Nc5 Nxc5 39. bxc5 Bc6 40.
Ra6 Rc8 41. Bb4 h5 42. Kf2 Kf7 43. Ra7+ Ke6 44. h4 Be4 45. Ra6+ Kf5 46. Rb6 Rd8 47. Rd6 Rc8 48. g3 Rc7 49. Ke2 Rc8 50. Kd2 Rf8 51.
Ba5 Rc8 52. Bb6 Rc6 53. Rxc6 Bxc6 54. Bd8 Ke6 55. Kc3 Bd7 56. Kb4 f5 57. Ka5 f4 58. exf4 exf4 59. gxf4 Kd5 60. Kb6 Bc6 61. Bg5 Bd7 62. Be7 Bc6 63. Kc7 Ba4 64. Bd6 Bb5 65. Kd8 Kc6 66. Ke7 Bd3 67. Ke6 Bf5+ 68. Ke5 Bb1 69. Kf6 Bf5 70. Kg5 Bb1 71. Kf6 Bf5 72. Kg5 Bb1 73. Kf6 1/2-1/2

[Event "Late-Titled-Tuesday-Blitz-December-26-2023"]
[Site "Chess.com"]
[Date "2023.12.26"]
[Round "5"]
[White "lucasmito"]
[Black "robertoalejandro10"]
[Result "1-0"]
[WhiteElo "2742"]
[BlackElo "2566"]
[TimeControl "180+1"]
[EndTime "14:56:10 PST"]
[Termination "lucasmito won by resignation"]

1. c4 c5 2. Nf3 g6 3. Nc3 Bg7 4. g3 Nc6 5. Bg2 Nf6 6. O-O O-O 7. d4 cxd4 8. Nxd4 d6 9. Nxc6 bxc6 10. Bxc6 Bh3 11.
Bg2 Bxg2 12. Kxg2 Rc8 13. Qd3 Qc7 14. Be3 Ng4 15. Nd5 Qb7 16. Qe4 Nxe3+ 17. fxe3 Rc7 18. Qf3 Rd7 19. Rab1 e6 20. Nf6+ Bxf6 21. Qxb7 Rxb7 22. Rxf6 Rc8 23. Rf4 e5 24. Rf6 Rxc4 25. Rxd6 Rc2 26. Kf3 Rcxb2 27. Rxb2 Rxb2 28. Ra6 Rb7 29. g4 Kg7 30. g5 h6 31. h4 hxg5 32. hxg5 Rc7 33.
Ke4 Rc2 34. Kd3 Rc7 35. a4 Kf8 36. Ke4 Rc2 37. Kxe5 Rxe2 38. e4 Rg2 39. Rxa7 Kg7 40. Kf4 Rf2+ 41. Kg4 Re2 42. Kf3 Ra2 43. a5 Ra3+ 44.
Kf4 Ra1 45. a6 Ra5 46. Ra8 Kh7 47. Ra7 Kg7 48. e5 Kg8 49. Ke4 Kf8 50. Kd4 Kg8 51.
Kc4 Rxe5 52. Rb7 Ra5 53. a7 Kg7 54. Kb4 Ra1 55. Kc5 Ra2 56. Kd6 Ra6+ 57. Ke7 Ra5 58. Ke8 Re5+ 59. Re7 Ra5 60. Rxf7+ Kg8 61. Rb7 Rf5 62.
Kd8 Ra5 63. Kc7 Ra1 64. Kb8 1-0

[Event "Late-Titled-Tuesday-Blitz-December-26-2023"]
[Site "Chess.com"]
[Date "2023.12.26"]
[Round "5"]
[White "Walter_White_Poland"]
[Black "Tunahan_Makaraci"]
[Result "0-1"]
[WhiteElo "2287"]
[BlackElo "2508"]
[TimeControl "180+1"]
[EndTime "14:56:10 PST"]
[Termination "Tunahan_Makaraci won by resignation"]

1. Nf3 Nf6 2. c4 e6 3. g3 d5 4. b3 c5 5. Bb2 Nc6 6. Bg2 b6 7. O-O Be7 8. e3 Bb7 9. Nc3 O-O 10. cxd5 exd5 11. d4 Rc8 12. Ne2 Ne4 13. Rc1 Bf6 14.
Nf4 g6 15. Ne5 Re8 16. f3 Ng5 17. Nfd3 Ne6 18. Nxc6 Rxc6 19. Ne5 Rc7 20. f4 cxd4 21. exd4 Rxc1 22. Qxc1 Qd6 23. Qd2 Nf8 24. Rc1 Bg7 25. Rc2 f6 26. Nf3 Bc8 27. Qc3 Bf5 28. Rd2 Be4 29.
Qc1 h5 30. Ba3 Qd7 31. Bxf8 Bxf8 32. Rc2 Bxc2 33. Qxc2 Kg7 34. Nh4 f5 35. Nf3 Re4 36.
Ne5 Qd6 37. Bxe4 dxe4 38. Qc3 Be7 39. d5 Bf6 40. Qd4 a5 41. Kf2 g5 42. fxg5 Bxe5 43. Qc4 Qc5+ 44. Qxc5 bxc5 45. Ke3 Kf7 46. Kf2 Kg6 47.
h4 Bd6 48. Kg2 f4 49. gxf4 Bxf4 50. Kh3 Kf7 51. Kg2 Ke7 52. Kf2 Kd6 53. g6 Be5 54. Ke3 Kxd5 55. a3 Bg7 56. a4 c4 57. bxc4+ Kxc4 58.
Kxe4 Kb3 59. Kd5 Kxa4 60. Ke6 Kb3 61. Kf7 Bd4 62. g7 Bxg7 63. Kxg7 a4 64. Kg6 a3 65. Kh6 a2 66. Kxh5 a1=Q 67. Kg6 Qh8 68. h5 Kc4 69. h6 Kd5 70. h7 Ke6 71. Kh6 Kf6 72.
Kh5 Qxh7+ 73. Kg4 Qe4+ 0-1

[Event "Late-Titled-Tuesday-Blitz-December-26-2023"]
[Site "Chess.com"]
[Date "2023.12.26"]
[Round "5"]
[White "FontVella8"]
[Black "Statham_l3"]
[Result "1-0"]
[WhiteElo "2775"]
[BlackElo "2574"]
[TimeControl "180+1"]
[EndTime "14:56:12 PST"]
[Termination "FontVella8 won by checkmate"]

1. e4 e5 2. Nc3 Nf6 3. g3 Bc5 4. Bg2 d6 5. h3 Nc6 6. Nge2 h5 7. d3 h4 8. Na4 hxg3 9. fxg3 Be6 10. Nxc5 dxc5 11.
b3 Qd7 12. g4 O-O-O 13. Ng3 Nd4 14. Bg5 Nxg4 15. hxg4 Rxh1+ 16. Bxh1 Bxg4 17. Qd2 Rh8 18. Bg2 Rh2 19. Nf1 Rh5 20. Be3 f5 21. Qf2 f4 22.
Bxd4 cxd4 23. Bf3 Bxf3 24. Qxf3 Rg5 25. O-O-O b5 26. Nd2 Qd6 27. Kb2 a5 28. a3 Qc5 29.
Nb1 Kb7 30. Qh3 Rg3 31. Qh2 g5 32. Rg1 Re3 33. Rxg5 b4 34. a4 Kb6 35. Rg1 Kb7 36.
Qd2 f3 37. Re1 Rxe1 38. Qxe1 Qf8 39. Qf2 Qf4 40. Nd2 Kb6 41. Nxf3 Kb7 42. Qe2 Qg4 43. Qf1 Qf4 44. Qe2 Qf6 45. Nd2 Qf4 46. Nc4 Qg3 47. Nxa5+ Kb6 48. Nc4+ Kb7 49. Qh5 Qe1 50.
Qxe5 Qc3+ 51. Kb1 Qe1+ 52. Ka2 Qc1 53. Qxd4 Qxc2+ 54. Qb2 Qxd3 55. e5 Qd5 56. Qe2 Ka8 57. e6 Qd8 58. e7 Qe8 59. Qe6 Kb8 60. Qf6 Qd7 61. Qf8+ Kb7 62. e8=Q Qd3 63. Qa8# 1-0

[Event "Late-Titled-Tuesday-Blitz-December-26-2023"]
[Site "Chess.com"]
[Date "2023.12.26"]
[Round "5"]
[White "micke12a"]
[Black "GMthekingindian"]
[Result "0-1"]
[WhiteElo "2401"]
[BlackElo "2317"]
[TimeControl "180+1"]
[EndTime "14:56:12 PST"]
[Termination "GMthekingindian won by resignation"]

1. d4 d5 2. Nc3 e6 3. Bf4 c6 4.
Nf3 Nf6 5. e3 Bb4 6. Bd3 Ne4 7.
Bxe4 dxe4 8. Nd2 f5 9. Qh5+ g6 10. Qh6 Bf8 11. Qh3 Bg7 12. f3 c5 13. dxc5 Qa5 14.
fxe4 Bxc3 15. bxc3 Qxc3 16. Rd1 O-O 17. O-O e5 18. Bh6 Re8 19. exf5 Nc6 20. f6 Bxh3 21. f7+ Kh8 22. fxe8=Q+ Rxe8 23. gxh3 g5 24. Bxg5 Rg8 25. h4 h6 26. Kh1 hxg5 27. hxg5 Qxe3 28. Nf3 Nd4 29. Rde1 Qxf3+ 30. Rxf3 Nxf3 31. Re3 Rf8 32. Kg2 Nxg5 33. Rxe5 Nf7 34. Re7 Nd8 35. Rd7 Kg8 36.
Kg3 a6 37. h4 Re8 38. Kg4 Nf7 39. Rxb7 Ne5+ 40. Kf5 Nc6 41. Rb6 Nd4+ 42. Kg6 a5 43. c3 Nf3 44. h5 Ne5+ 45. Kf5 Nd3 46. c6 Rc8 47. Kg6 Ne5+ 48. Kf5 Nxc6 49. h6 Ne7+ 50. Ke6 Ng6 51. Kf6 Nf8 52. Ra6 Rc5 53. Ra8 Rh5 54. h7+ Rxh7 55. Rxa5 Rh6+ 56. Kg5 Rc6 57. Kf5 Kf7 58. Ra7+ Ke8 59. Ra5 Nd7 60. Rd5 Ke7 61.
Rd3 Nc5 62. Re3+ Kd6 63. Kf4 Kd5 64. Re1 Kc4 65. Re5 Nd3+ 66. Kf5 Nxe5 67. Kxe5 Rc5+ 68. Kd6 Ra5 69. Kc6 Rxa2 70. Kd6 Kxc3 0-1

[Event "Late-Titled-Tuesday-Blitz-December-26-2023"]
[Site "Chess.com"]
[Date "2023.12.26"]
[Round "5"]
[White "CheckThis4"]
[Black "pedromartinez91"]
[Result "1-0"]
[WhiteElo "2734"]
[BlackElo "2554"]
[TimeControl "180+1"]
[EndTime "14:56:19 PST"]
[Termination "CheckThis4 won by resignation"]

1. e4 d5 2. exd5 Qxd5 3. Nc3 Qd8 4. d4 Nf6 5. Nf3 g6 6. Bc4 Bg7 7. Bg5 O-O 8. Qe2 Nc6 9. O-O-O Na5 10. Bd3 Be6 11. Kb1 Nd5 12. Nxd5 Qxd5 13. b3 Bg4 14. Be3 Rad8 15. c4 Qh5 16. Be4 Nc6 17. h3 Bf5 18.
Bxf5 Qxf5+ 19. Qc2 Qxc2+ 20. Kxc2 e6 21. Rhe1 Rd7 22.
Re2 Rfd8 23. Red2 h6 24. a3 Bf8 25. b4 a6 26. Ne5 Rd6 27. c5 Rd5 28. Nxc6 bxc6 29.
Kc3 Bg7 30. Kc4 g5 31. Rd3 f5 32. g3 Kf7 33. f4 Bf6 34. R1d2 Rg8 35. a4 h5 36. b5 axb5+ 37. axb5 g4 38. h4 cxb5+ 39. Kxb5 Rb8+ 40. Kc6 Bd8 41. Ra2 Rb1 42. Ra8 Ke7 43. Bd2 Rd1 44. Ra2 Ke8 45. Raa3 Ke7 46. Ra2 Rg1 47. Ba5 Rc1 48. Rb2 Rd6+ 49. Kb7 Rd5 50. Kc8 c6 51. Rb7+ Ke8 52. Bxd8 Rxd8+ 53. Kc7 Ra1 54. Kxc6 Ra6+ 55. Rb6 Ra1 56. Kb7 Rd7+ 57.
Kc6 Ke7 58. Kb5 Rb1+ 59. Kc4 Rc1+ 60. Rc3 Rd1 61. Rd3 Rc1+ 62. Kb3 Rb1+ 63. Kc2 Rxb6 64. cxb6 Rb7 65. Rb3 Kd6 66. Kc3 Kd5 67. Kd3 Kc6 68.
Kc4 Rxb6 69. Rxb6+ Kxb6 70. d5 Kc7 71. Kd4 Kd6 72.
dxe6 Kxe6 73. Kc5 Ke7 74. Kd5 Kf7 75. Kd6 Kf6 76. Kd5 Kf7 77. Ke5 Kg6 78. Ke6 Kg7 79. Kxf5 Kh6 80. Kf6 Kh7 81. Kg5 Kg7 82. Kxh5 Kf7 1-0

[Event "Late-Titled-Tuesday-Blitz-December-26-2023"]
[Site "Chess.com"]
[Date "2023.12.26"]
[Round "5"]
[White "UmutErdemGunduz"]
[Black "venturov"]
[Result "1-0"]
[WhiteElo "2702"]
[BlackElo "2495"]
[TimeControl "180+1"]
[EndTime "14:56:19 PST"]
[Termination "UmutErdemGunduz won by resignation"]

1. e4 Nf6 2. e5 Nd5 3. d4 d6 4. Nf3 dxe5 5. Nxe5 c6 6. Be2 Bf5 7. O-O Nd7 8. Nf3 e6 9. c4 N5f6 10. Nc3 Bd6 11. Nh4 Bg6 12. Re1 Ne4 13. Nxg6 Nxc3 14. bxc3 Bxh2+ 15. Kxh2 hxg6+ 16. Kg1 Qh4 17. f3 O-O-O 18.
Bf1 Qg3 19. Re4 Nf6 20. Qe1 Qh2+ 21. Kf2 Nxe4+ 22. Qxe4 Rhe8 23. Bf4 Qh5 24. Qe5 Qxe5 25. Bxe5 f6 26. Bg3 e5 27. Rd1 f5 28. d5 g5 29. Ke1 e4 30. f4 gxf4 31. Bxf4 e3 32. Be2 Re4 33. g3 Rg8 34. Bd3 Ree8 35. Bxf5+ Kd8 36.
dxc6+ Ke7 37. Rd7+ Kf6 38. g4 bxc6 39. Rd6+ Kf7 40. Bg6+ Ke7 41. Bxe8 Rxe8 42. Rxc6 Kd7 43. Rc7+ Ke6 44. Rxg7 a5 45. Bxe3 Kf6 46. Ra7 Rxe3+ 47.
Kd2 Rg3 48. Rxa5 Rxg4 49. Rc5 Ke6 50. Kc2 Kd6 51. Rd5+ Kc6 52. Rd4 Rg1 53. Kb3 Kc5 54. Rd5+ Kc6 55. Rh5 Rb1+ 56. Ka3 Rc1 57. Kb3 Rb1+ 58.
Ka3 Rc1 59. Kb2 Rf1 60. c5 Rf2+ 61. Kb3 Rf1 62. Kb4 Rb1+ 63. Kc4 Ra1 64. Rh6+ Kc7 65. Ra6 Rh1 66. a4 Rh3 67. a5 Kb7 68. Rb6+ Ka7 69. c6 Rh5 70. Kb4 Rh4+ 71. c4 Rh7 72. Rb7+ Rxb7+ 73. cxb7 Kxb7 74. Kb5 Ka7 75. c5 Kb7 76.
c6+ Kc7 77. Kc5 Kb8 78. Kb6 Ka8 79. a6 Kb8 80. a7+ Ka8 81. Kc7 Kxa7 82. Kd7 Kb8 83. c7+ Ka7 84. c8=Q Kb6 85. Kd6 1-0